 Dungeon Crawl Stone Soup version 0.30-a0-170-g85af917532 (webtiles) character file.

Game seed: 8303727631584559179

1789 blackman the Carver (level 9, -2/63 HPs)
             Began as a Human Wanderer on Sept 30, 2022.
             Was a Believer of Zin.
             Slain by Blork the orc
             ... wielding a +1 long sword of protection
              (7 damage)
             ... on level 6 of the Dungeon.
             The game lasted 00:16:57 (11628 turns).

blackman the Carver (Human Wanderer)               Turns: 11628, Time: 00:16:57

Health: -2/63      AC: 10    Str: 10    XL:     9   Next: 29%
Magic:  9/9        EV: 15    Int: 11    God:    Zin [**....]
Gold:   286        SH:  0    Dex: 21    Spells: 8/8 levels left

rFire   + . .      SeeInvis .    w - +3 great sword
rCold   + . .      Faith    .    (shield currently unavailable)
rNeg    . . .      Spirit   .    s - +1 leather armour {rC+}
rPois   .          Reflect  .    (no helmet)
rElec   .          Harm     .    B - +0 cloak
rCorr   .          Rampage  .    (no gloves)
Will    .....                    l - +0 pair of boots
Stlth   ++........               m - amulet of the acrobat
HPRegen 0.20/turn                c - ring of protection from fire
MPRegen 0.11/turn                A - +4 ring of protection

@: no status effects
A: no striking features
a: Renounce Religion, Recite, Vitalisation, Donate Gold


You were on level 6 of the Dungeon.
You worshipped Zin.
Zin was pleased with you.
You visited 1 branch of the dungeon, and saw 6 of its levels.

You collected 317 gold pieces.
You donated 31 gold pieces to Zin.

Inventory:

Hand Weapons
 a - a +0 long sword
 k - a +2 long sword
 w - a +3 great sword (weapon)
 y - a +1 short sword of venom
Armour
 e - a +0 leather armour
 l - a +0 pair of boots (worn)
 s - a +1 leather armour of cold resistance (worn)
 u - a +0 kite shield
 B - a +0 cloak (worn)
Jewellery
 c - a ring of protection from fire (left hand)
 m - an amulet of the acrobat (around neck)
 A - a +4 ring of protection (right hand)
Wands
 p - a wand of mindburst (1)
Scrolls
 d - 2 scrolls of fog
 g - a scroll of enchant armour {unknown}
 j - a scroll of silence {unknown}
 n - a scroll of amnesia {unknown}
 q - 4 scrolls of identify {unknown}
 t - 2 scrolls of blinking {unknown}
 v - a scroll of magic mapping {unknown}
 z - a scroll of summoning {unknown}
Potions
 b - a potion of cancellation {unknown}
 f - a potion of brilliance {unknown}
 h - a potion of haste {unknown}
 o - 2 potions of mutation {unknown}
 x - a potion of degeneration {unknown}


   Skills:
 - Level 3.0 Fighting
 * Level 9.5 Long Blades
 - Level 1.0 Armour
 - Level 6.1 Dodging
 - Level 1.0 Stealth
 - Level 4.9 Shields


You had 8 spell levels left.
You didn't know any spells.
Your spell library contained the following spells:

 Spells                   Type           Power      Damage    Failure   Level
 Kiss of Death            Conj/Necr      0%         2d5       43%         1
 Cigotuvi's Dreadful Rot  Necr/Pois/Air  0%         N/A       58%         2
 Poisonous Vapours        Pois/Air       0%         N/A       58%         2
 Confusing Touch          Hex            0%         N/A       82%         3
 Portal Projectile        Hex/Tloc       0%         N/A       82%         3
 Tukima's Dance           Hex            0%         N/A       82%         3
 Dispel Undead            Necr           0%         3d6       99%         4
 Passage of Golubria      Tloc           0%         N/A       99%         4
 Blade Hands              Tmut           0%         N/A       100%        5
 Yara's Violent Unravell  Hex/Tmut       0%         3d3       100%        5


Dungeon Overview and Level Annotations

Branches:
Dungeon (6/15)             Temple (0/1) D:6

Altars:
Dithmenos
Elyvilon
Gozag
Hepliaklqana
Kikubaaqudgha
Makhleb
Okawaru
Qazlal
Ru
Sif Muna
Vehumet
Xom
Zin

Annotations:
D:6 Blork the orc


Message History

You kill the water moccasin!
The black bear bites you but does no damage.
The black bear claws you but does no damage. x2
You slash Blork the orc!
Blork the orc is moderately wounded.
The black bear bites you but does no damage.
The black bear claws you but does no damage. x2
Blork the orc hits you with a +1 long sword of protection.
The black bear misses you.
The black bear claws you but does no damage.
The black bear misses you.
Blork the orc hits you with a +1 long sword of protection.
You closely miss Blork the orc.
Blork the orc is moderately wounded.
The black bear barely misses you.
The black bear claws you but does no damage.
The black bear completely misses you.
Blork the orc mumbles some strange words.
Blork the orc seems to speed up.
You slash Blork the orc!
Blork the orc is severely wounded.
Blork the orc closely misses you. The black bear bites you.
* * * LOW HITPOINT WARNING * * *
The black bear claws you but does no damage.
The black bear claws you.
* * * LOW HITPOINT WARNING * * *
Blork the orc barely misses you.
You barely miss Blork the orc.
Blork the orc is severely wounded.
Blork the orc barely misses you. The black bear completely misses you.
The black bear claws you but does no damage.
The black bear barely misses you.
Blork the orc hits you with a +1 long sword of protection!
* * * LOW HITPOINT WARNING * * *
You completely miss Blork the orc.
Blork the orc is severely wounded.
The black bear misses you.
The black bear claws you but does no damage. x2
Blork the orc hits you with a +1 long sword of protection!
You die...

#...†......#####...
## #...†..#####
#.... #.
.....###..# #...##
#. .##. ##.## #.#.
#. # #..#####.#.###
####.
##............
..... ###.....#.###
##### ##.##### #@.#
#oh## #.## .. .. ..
##.##.## .##
.......# .. ###
#### ........ .#.
#_# #_#. ⌠...⌠..#
.... #.## ##.##
.......##.Y# #..#
#..##


You could see Blork the orc (fast) and a black bear.

Vanquished Creatures
  2 water moccasins
  Duvessa (D:6)
  An ice beast (D:6)
  An ogre (D:4)
  2 centaurs
  A phantom (D:4)
  A scorpion (D:6)
  Dowan (D:6)
  4 wights (D:4)
  A howler monkey (D:5)
  3 orc priests
  6 hounds
  5 iguanas
  Ijyb (D:4)
  4 orc wizards
  Robin (D:3)
  5 adders
  2 shadow imps
  3 ufetubi (D:5)
  3 worms
  5 dart slugs
  7 orcs
  2 bats
  6 endoplasms
  4 giant cockroaches
  19 goblins
  10 hobgoblins
  6 jackals
  3 quokkas
  8 ball pythons
  5 frilled lizards
  8 kobolds
  8 rats
139 creatures vanquished.

Vanquished Creatures (others)
  2 plants (D:6)
2 creatures vanquished.

Grand Total: 141 creatures vanquished

Notes
Turn   | Place    | Note
-------+----------+-------------------------------------------
     0 | D:1      | blackman the Human Wanderer began the quest for the Orb.
     0 | D:1      | blackman set off with the following items: a +0 dagger, 2
                  | throwing nets, a potion of lignification, 2 scrolls of fog,
                  | a +0 leather armour.
     0 | D:1      | Reached XP level 1. HP: 18/18 MP: 1/1
    23 | D:1      | Reached skill level 1 in Long Blades
   227 | D:1      | Reached XP level 2. HP: 23/24 MP: 2/2
   304 | D:1      | Reached skill level 2 in Long Blades
   447 | D:1      | Found a faded altar of an unknown god.
   593 | D:1      | Reached XP level 3. HP: 28/29 MP: 3/3
  1324 | D:2      | Reached skill level 3 in Long Blades
  1820 | D:2      | Reached XP level 4. HP: 34/35 MP: 4/4
  2435 | D:2      | Reached skill level 4 in Long Blades
  2703 | D:2      | Reached XP level 5. HP: 29/41 MP: 5/5
  3450 | D:3      | Noticed Robin
  3478 | D:3      | Killed Robin
  4885 | D:4      | Reached skill level 1 in Shields
  5071 | D:4      | Reached XP level 6. HP: 46/47 MP: 6/6
  5478 | D:4      | Noticed Ijyb
  5485 | D:4      | Killed Ijyb
  6017 | D:5      | Entered Level 5 of the Dungeon
  7596 | D:5      | Reached XP level 7. HP: 26/52 MP: 7/7
  9144 | D:4      | Reached skill level 5 in Long Blades
  9144 | D:4      | Reached XP level 8. HP: 54/58 MP: 8/8
  9146 | D:4      | Found a white marble altar of Elyvilon.
  9161 | D:4      | Became a worshipper of Elyvilon the Healer
  9325 | D:4      | Reached skill level 6 in Long Blades
  9524 | D:5      | Found a sacrificial altar of Ru.
  9526 | D:5      | Reached * piety under Elyvilon
  9682 | D:5      | Found an iron altar of Okawaru.
  9755 | D:5      | Found a radiant altar of Vehumet.
  9763 | D:5      | Reached skill level 7 in Long Blades
  9790 | D:5      | Found an ancient bone altar of Kikubaaqudgha.
  9814 | D:5      | Found a shimmering blue altar of Sif Muna.
  9962 | D:5      | Found a glowing silver altar of Zin.
  9962 | D:5      | Found an opulent altar of Gozag.
 10063 | D:5      | Fell from the grace of Elyvilon
 10063 | D:5      | Became a worshipper of Zin the Law-Giver
 10063 | D:5      | Reached * piety under Zin
 10063 | D:5      | Reached ** piety under Zin
 10525 | D:6      | Found a hazy altar of Hepliaklqana.
 10528 | D:6      | Found a burning altar of Makhleb.
 10528 | D:6      | Found a shadowy altar of Dithmenos.
 10544 | D:6      | Found a shimmering altar of Xom.
 10547 | D:6      | Found a stormy altar of Qazlal.
 10592 | D:6      | Noticed Duvessa
 10592 | D:6      | Noticed Dowan
 10595 | D:6      | Killed Dowan
 10603 | D:6      | HP: 2/58 [Duvessa/+0 rapier (13)]
 10604 | D:6      | Found a staircase to the Ecumenical Temple.
 10604 | D:6      | Noticed Blork the orc
 10609 | D:6      | HP: 1/58 [centaur/arrow (2)]
 11231 | D:6      | Killed Duvessa
 11232 | D:6      | Reached skill level 8 in Long Blades
 11329 | D:6      | Reached XP level 9. HP: 63/63 MP: 9/9
 11598 | D:6      | Reached skill level 9 in Long Blades
 11628 | D:6      | Slain by Blork the orc

Illustrated notes

Levels and vault maps discovered:
D:1:      moated_graveyard_arrival, layout_rooms,
          shapermc_ecumenical_altar_totnotflames, st_stairs_12
D:2:      cheibrodos_greedy_goblins, layout_basic, uniq_crazy_yiuf_cottage
D:3:      layout_basic, uniq_robin
D:4:      layout_loops_ring, mainiacjoe_overflow_24_doors, uniq_ijyb
D:5:      layout_gridville, grunt_temple_overflow_gold_and_silver,
          palyth_temple_overflow_mages, hangedman_ru_absence,
          kennysheep_okawaru_gauntlet
D:6:      layout_rooms, minmay_overflow_temple_star_hex,
          minmay_temple_entry_large_hall, serial_bayou_pond_a,
          uniq_blork_the_orc, uniq_duvessa

Skill      XL: |  1  2  3  4  5  6  7  8  9 |
---------------+----------------------------+-----
Long Blades    | 1 2 3 4 5 8 9 |  9.5
Shields        | 1 3 4 |  4.9
Dodging        | 6 |  6.1
Fighting       | |  3.0
Armour         | |  1.0
Stealth        | |  1.0

Action                   |  1- 3 |  4- 6 |  7- 9 || total
-------------------------+-------+-------+-------++-------
Melee: Dagger            |   143 |   195 |       ||   338
       Punch             |     2 |     3 |       ||     5
       Short sword       |       |   132 |       ||   132
       Long sword        |       |    45 |    29 ||    74
       Great sword       |       |       |   110 ||   110
Throw: Throwing net      |       |       |     3 ||     3
Evoke: Wand              |       |       |     9 ||     9
  Use: Scroll            |     1 |       |     3 ||     4
       Potion            |       |     4 |     6 ||    10
 Stab: Sleeping          |     6 |     2 |     6 ||    14
       Held in net/web   |       |       |     1 ||     1
Armor: Leather armour    |    30 |    72 |    58 ||   160
       Skin              |       |     9 |       ||     9
Dodge: Dodged            |    86 |   272 |   123 ||   481
Block: Kite shield       |       |    83 |     9 ||    92

Table legend: (Time is in decaauts)
 A = Elapsed time spent in this place.
 B = Non-inter-level travel time spent in this place.
 C = Inter-level travel time spent in this place.
 D = Time resting spent in this place.
 E = Time spent auto-exploring this place.
 F = Levels seen in this place.
 G = Mean time per level.
                   A        B        C        D        E       F      G
               +--------+--------+--------+--------+--------+-----+--------+
         Total |  11661 |  11329 |    332 |   4824 |   5083 |   6 | 1943.5 |
       Dungeon |  11661 |  11329 |    332 |   4824 |   5083 |   6 | 1943.5 |
               +--------+--------+--------+--------+--------+-----+--------+

Top non-repeatable levels by time:
     D:5: 3304 daAuts
     D:3: 2478 daAuts
     D:4: 2028 daAuts
     D:2: 1998 daAuts
     D:1: 1283 daAuts
     D:6: 567 daAuts
